 Dungeon Crawl Stone Soup version 0.31-a0-1165-g196b491b36 (webtiles) character file.

Game seed: 3266367765994281135

193 garrulousMonolith the Covered (level 5, -4/33 HPs)
             Began as a Gargoyle Fighter on Dec 9, 2023.
             Frozen to death by an endoplasm (5 damage)
             ... on level 4 of the Dungeon.
             The game lasted 00:04:00 (2551 turns).

garrulousMonolith the Covered (Gargoyle Fighter)    Turns: 2551, Time: 00:04:00

Health: -4/33      AC: 17    Str: 27    XL:     5   Next: 72%
Magic:  6/6        EV:  7    Int:  9    God:
Gold:   109        SH:  0    Dex:  9    Spells: 4/4 levels left

rFire   . . .        a - +1 flail (protect)
rCold   . . .        c - +0 buckler
rNeg    + + .        g - +0 plate armour
rPois   ∞            q - +0 helmet
rElec   +            (no cloak)
rCorr   .            (no gloves)
SInv    .            (no boots)
Will    .....        (no amulet) Stlth
                     m - +6 ring of strength
HPRegen 0.25/turn    b - ring of positive energy
MPRegen 0.10/turn

%: no passive effects
@: confused, attractive, hasted, invisible, very quick
A: sickness immunity, AC +4, negative energy resistance 1, electricity
resistance, torment resistance 1, petrification resistance
a: no special abilities


You were on level 4 of the Dungeon.
You visited 1 branch of the dungeon, and saw 4 of its levels.

You collected 109 gold pieces.

Inventory:

Hand Weapons
 a - a +1 flail of protection (weapon)
 s - a +0 dagger of venom
Armour
 c - a +0 buckler (worn)
 e - a +0 chain mail
 g - a +0 plate armour (worn)
 q - a +0 helmet (worn)
Jewellery
 b - a ring of positive energy (right hand)
 m - a +6 ring of strength (left hand)
Wands
 r - a wand of flame (22)
Scrolls
 f - a scroll of fear {unknown}
 i - a scroll of teleportation
 j - a scroll of revelation
 l - a scroll of vulnerability {unknown}
 n - a scroll of summoning {unknown}
 t - a scroll of immolation {unknown}
Potions
 d - a potion of might
 p - a potion of heal wounds {unknown}


   Skills:
 + Level 4.0 Fighting
 * Level 3.7 Maces & Flails
 + Level 4.0 Armour
 + Level 4.0 Shields
 + Level 2.0 Invocations


You had 4 spell levels left.
You didn't know any spells.
Your spell library contained the following spells:

 Spells                   Type           Power      Damage    Failure   Level
 Blink                    Tloc           0%         N/A       100%        2
 Lesser Beckoning         Tloc           0%         N/A       100%        2
 Momentum Strike          Conj/Tloc      0%         3d8       100%        2
 Frozen Ramparts          Ice            0%         1d1       100%        3
 Ignite Poison            Fire/Tmut/Pois 0%         N/A       100%        3
 Petrify                  Tmut/Erth      0%         N/A       100%        4
 Sticky Flame             Conj/Fire      0%         2d3       100%        4
 Metabolic Englaciation   Hex/Ice        0%         N/A       100%        5
 Ignition                 Fire           0%         3d3       100%        8


Dungeon Overview and Level Annotations

Branches:
Dungeon (4/15)
 Temple: D:4-7

Altars:
Ashenzari
Gozag
Wu Jian
Zin

Shops:
D:1 !:!(   D:2 =

Annotations:
D:3 2 transporters, BigPumpCobain's ghost, amateur TrSh


Innate Abilities, Weirdness & Mutations

You are immune to sickness and miasma.
Your stone body is resilient. (AC +4)
You are immune to poison.
You resist negative energy. (rN+)
You are resistant to electric shocks. (rElec)
You are resistant to unholy torment.
You are immune to petrification.


Message History

The orc hits you but does no damage.
The orc wizard hits you but does no damage.
The orc hits you but does no damage.
You bump into the rock wall.
The orc hits you but does no damage. The orc hits you with a +0 club.
The endoplasm freezes you.
You are frozen.
The orc wizard hits you but does no damage.
The orc hits you from afar with a +0 trident.
You closely miss the orc wizard.
The orc wizard is moderately wounded.
The orc hits you with a +0 club.
* * * LOW HITPOINT WARNING * * *
The orc hits you but does no damage. The endoplasm freezes you.
You are frozen.
* * * LOW HITPOINT WARNING * * *
The orc wizard hits you but does no damage.
The orc barely misses you. The orc hits you but does no damage.
The endoplasm freezes you.
You are frozen.
* * * LOW HITPOINT WARNING * * *
The orc barely misses you.
It was a potion of attraction.
You feel attractive to monsters. The orc wizard barely misses you.
The orc hits you but does no damage. x2
The endoplasm hits you but does no damage.
The orc barely misses you.
It was a potion of invisibility.
You fade into invisibility!
The orc wizard hits you but does no damage.
The orc hits you but does no damage. The orc hits you with a +0 club.
* * * LOW HITPOINT WARNING * * *
The endoplasm freezes you.
* * * LOW HITPOINT WARNING * * *
The orc hits you but does no damage.
It was a potion of haste.
You feel yourself speed up. The orc wizard barely misses you.
The orc hits you but does no damage. x2
The endoplasm freezes you.
You die...

##+# #... #
#.... .#
#....###.###
#.....@o..=#
####.oJo...#
#.[o....#
##......#
#......#
#......#
#......#
########


You could see an orc wizard (unable to see you), 3 orcs and an endoplasm.

Vanquished Creatures
  A hound (D:3)
  Ijyb (D:3)
  3 gnolls (D:3)
  3 adders
  A worm (D:2)
  A dart slug (D:3)
  6 orcs (D:3)
  2 endoplasms
  4 giant cockroaches
  10 goblins
  9 hobgoblins
  3 quokkas
  6 ball pythons
  3 bats
  4 frilled lizards
  7 kobolds
  11 rats
75 creatures vanquished.

Notes
Turn   | Place    | Note
-------+----------+-------------------------------------------
     0 | D:1      | garrulousMonolith the Gargoyle Fighter began the quest for
                  | the Orb.
     0 | D:1      | Reached XP level 1. HP: 14/14 MP: 1/1
   136 | D:1      | Found Siybrust's Distillery.
   181 | D:1      | Reached XP level 2. HP: 19/19 MP: 2/2
   197 | D:1      | Found Quroe's Book Emporium.
   383 | D:1      | Found Boclenar's Antique Weapon Emporium.
   713 | D:1      | Found Waaplar's Distillery.
   803 | D:1      | Reached XP level 3. HP: 23/23 MP: 3/3
   948 | D:2      | Found a faded altar of an unknown god.
   984 | D:2      | Reached skill level 1 in Invocations
  1206 | D:2      | Found a broken altar of Ashenzari.
  1235 | D:2      | Found Orocis's Jewellery Boutique.
  1468 | D:3      | Reached XP level 4. HP: 29/29 MP: 4/4
  1472 | D:3      | Found an ornate altar of the Wu Jian Council.
  1484 | D:3      | Found an opulent altar of Gozag.
  1484 | D:3      | Found a glowing silver altar of Zin.
  1687 | D:3      | Found a transporter.
  1692 | D:3      | Noticed BigPumpCobain's ghost (amateur TrSh)
  1694 | D:3      | Found a transporter.
  1735 | D:3      | Reached XP level 5. HP: 33/33 MP: 6/6
  2360 | D:3      | Noticed Ijyb
  2372 | D:3      | Killed Ijyb
  2550 | D:4      | HP: 1/33 [frozen (1)]
  2551 | D:4      | Frozen to death by an endoplasm

Illustrated notes

Levels and vault maps discovered:
D:1:      dpeg_arrival_rhombi, layout_loops_corners, serial_shops,
          nicolae_shop_crystal, shop, nicolae_square_shop, shop
D:2:      layout_rooms, nicolae_ecumenical_pavilion, serial_shops,
          nicolae_shop_gaudy_bauble, basic_altar, grunt_ministairs_3
D:3:      kennysheep_the_goblin_king, layout_basic, grunt_temple_overflow_open,
          gammafunk_ghost_mausoleum
D:4:      layout_basic, bh_walls_and_bars

Skill      XL: |  1  2  3  4  5 |
---------------+----------------+-----
Invocations    | 1 2 |  2.0
Maces & Flails | 3 |  3.7
Armour         | 4 |  4.0
Shields        | 4 |  4.0
Fighting       | 4 |  4.0

Action                     |  1- 3 |  4- 6 || total
---------------------------+-------+-------++-------
  Melee: Flail             |   140 |   120 ||   260
    Use: Potion            |       |     3 ||     3
         Scroll            |       |     2 ||     2
 Armour: Scale mail        |    10 |       ||    10
         Chain mail        |    28 |       ||    28
         Plate armour      |    57 |   152 ||   209
  Dodge: Dodged            |    48 |    58 ||   106
  Block: Buckler           |    34 |    42 ||    76

Table legend: (Time is in decaauts)
 A = Elapsed time spent in this place.
 B = Non-inter-level travel time spent in this place.
 C = Inter-level travel time spent in this place.
 D = Time resting spent in this place.
 E = Time spent auto-exploring this place.
 F = Levels seen in this place.
 G = Mean time per level.
                   A        B        C        D        E       F      G
               +--------+--------+--------+--------+--------+-----+--------+
         Total |   2624 |   2564 |     60 |      7 |   1914 |   4 |  656.0 |
       Dungeon |   2624 |   2564 |     60 |      7 |   1914 |   4 |  656.0 |
               +--------+--------+--------+--------+--------+-----+--------+

Top non-repeatable levels by time:
     D:3: 1148 daAuts
     D:1: 975 daAuts
     D:2: 486 daAuts
     D:4: 13 daAuts
